 Dungeon Crawl Stone Soup version 0.25-a0-842-g81a31cfd23 (webtiles) character file.

Game seed: 5381154885708922289, levelgen mode: deterministic

102967 Error4North the Severer (level 16, -1/146 HPs)
             Began as a Hill Orc Fighter on Apr 23, 2020.
             Was the Champion of Okawaru.
             Engulfed by a swamp dragon's poison gas (3 damage)
             ... on level 2 of the Swamp on Apr 24, 2020.
             The game lasted 01:39:16 (19970 turns).

Error4North the Severer (Hill Orc Fighter)         Turns: 19970, Time: 01:39:17

Health: -1/146     AC: 30    Str: 24    XL:     16   Next: 34%
Magic:  0/22       EV:  6    Int: 15    God:    Okawaru [******]
Gold:   1324       SH: 41    Dex: 10    Spells: 15/15 levels left

rFire    + . .     SeeInvis +   F - +4 broad axe (flame)
rCold    . . .     Gourm    .   D - +18 shield of the Gong {rElec rN+ MR+ EV-5}
rNeg     + . .     Faith    .   p - +1 plate armour
rPois    .         Spirit   +   (helmet restricted)
rElec    +         Reflect  +   K - scarf {Spirit}
rCorr    .         Harm     .   A - +2 pair of gloves
MR       ++...                  q - +0 pair of boots of the Enchanted Forest {Int+5 SInv}
Stlth    ..........             k - +3 amulet of reflection
HPRegen  0.34/turn              a - +6 ring of protection
MPRegen  0.18/turn              l - ring of protection from fire

@: lethally poisoned (-1 -> -33), heroism, finesse
A: hooves 1, horns 1, large bone plates 1, low mp 1
a: Heroism, Finesse, Renounce Religion


You were on level 2 of the Swamp.
You worshipped Okawaru.
Okawaru was exalted by your worship.
You were not hungry.

You visited 5 branches of the dungeon, and saw 22 of its levels.
You also visited: Gauntlet and Ice Cave.

You collected 1324 gold pieces.

Inventory:

Hand Weapons
 F - a +4 broad axe of flaming (weapon)
 Q - a +3 war axe of venom
Missiles
 y - 24 boomerangs (quivered)
 T - 5 silver boomerangs
Armour
 p - a +1 plate armour (worn)
 q - the +0 pair of boots of the Enchanted Forest (worn) {Int+5 SInv}
   (You found it on level 8 of the Dungeon)

   It affects your intelligence (+5).
   It lets you see invisible.
 A - a +2 pair of gloves (worn)
 D - the +18 shield of the Gong (worn) {rElec rN+ MR+ EV-5}
   (You took it off Donald on level 2 of the Swamp)

   It affects your evasion (-5).
   It insulates you from electricity.
   It protects you from negative energy.
   It affects your resistance to hostile enchantments.
 J - a scarf of cloud immunity
 K - a scarf of spirit shield (worn)
Jewellery
 a - a +6 ring of protection (left hand)
 b - an uncursed ring of see invisible
 k - a +3 amulet of reflection (around neck)
 l - a ring of protection from fire (right hand)
 s - an uncursed ring of protection from cold
Wands
 i - a wand of paralysis (15)
 o - a wand of flame (8)
 B - a wand of digging (13)
 G - a wand of enslavement (5)
 P - a wand of iceblast (14)
Scrolls
 e - 6 scrolls of identify
 h - 5 scrolls of remove curse
 m - a scroll of teleportation
 n - a scroll of blinking
 r - 6 scrolls of amnesia
 u - 2 scrolls of fear
 z - 4 scrolls of magic mapping
 E - 3 scrolls of torment
 R - a scroll of enchant armour
Potions
 c - a potion of magic {unknown}
 g - a potion of curing
 j - 2 potions of flight
 v - a potion of stabbing
 w - 2 potions of might
 x - 2 potions of cancellation
 C - 2 potions of mutation
 H - 4 potions of brilliance
Miscellaneous
 d - a phial of floods
 t - a tin of tremorstones
 L - 2 boxes of beasts
 M - 2 phantom mirrors
Comestibles
 f - 33 rations
 I - 3 chunks of flesh


   Skills:
 * Level 14.0(19.0) Fighting
 + Level 16.5(21.5) Axes
 + Level 3.0(8.0) Throwing
 * Level 12.2(17.2) Armour
 + Level 2.4(7.4) Dodging
 + Level 2.0(7.0) Stealth
 * Level 15.5(20.5) Shields
 + Level 1.3(6.3) Unarmed Combat
 * Level 11.3 Invocations
 + Level 3.7 Evocations


You had 15 spell levels left.
You didn't know any spells.
Your spell library contained the following spells:

 Spells                   Type           Power        Failure   Level  Hunger
 Animate Skeleton         Necr           N/A          88%         1    ##.....
 Apportation              Tloc           #.....       88%         1    ##.....
 Beastly Appendage        Tmut           #.....       88%         1    ##.....
 Corona                   Hex            #......      88%         1    ##.....
 Magic Dart               Conj           #...         88%         1    ##.....
 Shock                    Conj/Air       #...         88%         1    ##.....
 Summon Small Mammal      Summ           #...         88%         1    ##.....
 Blink                    Tloc           N/A          95%         2    ###....
 Call Imp                 Summ           #.......     95%         2    ###....
 Ensorcelled Hibernation  Hex/Ice        #.....       95%         2    ###....
 Searing Ray              Conj           #.....       95%         2    ###....
 Slow                     Hex            #.......     95%         2    ###....
 Sticks to Snakes         Tmut           #.......     95%         2    ###....
 Swiftness                Chrm/Air       #.......     95%         2    ###....
 Confusing Touch          Hex            #.......     99%         3    ####...
 Conjure Flame            Conj/Fire      #.......     99%         3    ####...
 Dazzling Flash           Conj/Hex       #.....       99%         3    ####...
 Gell's Gravitas          Tloc           #.........   99%         3    ####...
 Mephitic Cloud           Conj/Pois/Air  #.......     99%         3    ####...
 Spider Form              Tmut/Pois      #.........   99%         3    ####...
 Static Discharge         Conj/Air       #.......     99%         3    ####...
 Summon Guardian Golem    Hex/Summ       #.......     99%         3    ####...
 Tukima's Dance           Hex            #.......     99%         3    ####...
 Airstrike                Air            #.........   100%        4    #####..
 Fulminant Prism          Conj/Hex       #.........   100%        4    #####..
 Ice Form                 Ice/Tmut       #.......     100%        4    #####..
 Iskenderun's Mystic Bla  Conj/Tloc      #.......     100%        4    #####..
 Petrify                  Tmut/Erth      #.......     100%        4    #####..
 Summon Lightning Spire   Summ/Air       #.......     100%        4    #####..
 Aura of Abjuration       Summ           #.........   100%        5    ######.
 Blade Hands              Tmut           #.........   100%        5    ######.
 Lightning Bolt           Conj/Air       #.........   100%        5    ######.
 Metabolic Englaciation   Hex/Ice        #.........   100%        5    ######.
 Silence                  Hex/Air        #.........   100%        5    ######.
 Summon Forest            Summ/Tloc      #.........   100%        5    ######.
 Yara's Violent Unravell  Hex/Tmut       #.........   100%        5    ######.
 Conjure Ball Lightning   Conj/Air       #.........   100%        6    #######
 Freezing Cloud           Conj/Ice/Air   #.........   100%        6    #######
 Ozocubu's Refrigeration  Ice            #.........   100%        6    #######
 Simulacrum               Ice/Necr       #.........   100%        6    #######
 Summon Hydra             Summ           #.........   100%        7    #######
 Tornado                  Air            #.........   100%        9    #######


Dungeon Overview and Level Annotations

Branches:
Dungeon (11/15)            Temple (1/1) D:7            Lair (6/6) D:8
  Swamp (3/4) Lair:2       Spider (1/4) Lair:2        Slime (0/5) Lair:6
    Orc (0/2) D:9           IceCv (visited)         Gauntlet (visited)

Altars:
Ashenzari
Cheibriados
Dithmenos
Elyvilon
Fedhas
Gozag
Hepliaklqana
Kikubaaqudgha
Makhleb
Nemelex Xobeh
Okawaru
Qazlal
Ru
Sif Muna
Trog
Uskayaw
Vehumet
Wu Jian
Xom
Yredelemnul
Zin
The Shining One
Jiyva

Shops:
D:6 (

Annotations:
D:11 Nergalle


Innate Abilities, Weirdness & Mutations

You have large cloven feet.
You have a pair of small horns on your head.
You are partially covered in large bone plates. (SH +4)
Your magical capacity is low. (-10% MP)


Message History

You are poisoned.
* * * LOW HITPOINT WARNING * * *
x2 You feel sick.
You feel better.
You are engulfed in poison gas.
You are poisoned.
* * * LOW HITPOINT WARNING * * *
You feel yourself speed up.
* * * LOW HITPOINT WARNING * * *
You feel sick.
The swamp dragon breathes poison at you.
The blast of poison engulfs you but does no damage.
You are more poisoned.
You block the swamp dragon's attack.
SHROANNG!
You block the swamp dragon's attack.
PANG!
The swamp dragon tramples you but does no damage.
You are engulfed in poison gas.
You are more poisoned.
You die...

≈≈≈..≈≈♣♣♣♣≈≈≈≈♣ ♣♣♣.≈.♣
≈≈.≈...)≈♣♣♣♣♣♣♣♣♣♣.≈♣♣♣♣
...♣♣.≈≈.♣♣ ♣♣......♣
♣♣≈♣♣.≈≈≈≈♣ ♣♣.≈≈≈..≈♣
♣♣♣♣♣♣≈≈≈≈♣ ♣.≈≈≈≈≈.♣♣
♣≈≈.≈♣♣≈♣♣♣ ♣....§≈..♣♣
♣♣≈≈..♣♣♣♣♣♣♣≈°°○...<.♣♣
♣♣.≈≈.♣ ♣♣.♣≈≈○°D.†.≈≈(♣♣
.♣♣...♣♣♣.≈..≈○○@.>.≈≈§≈♣♣
.≈≈.≈..≈.≈≈≈^≈≈≈○≈≈≈≈≈...♣♣
.≈♣≈.≈≈.≈≈≈≈≈≈≈≈≈≈≈≈≈≈≈...♣
.♣♣♣.≈≈.≈.≈≈≈≈≈≈≈≈≈≈≈≈≈..≈♣
≈.♣♣.≈≈.≈≈.≈≈≈≈≈≈≈..≈≈≈.≈♣♣
≈.♣♣♣♣....≈.......♣♣.....♣
..≈♣ ♣≈≈≈≈.≈≈≈..≈♣♣♣♣≈...♣♣
≈..♣ ♣.≈≈≈≈≈≈≈.♣♣♣ ♣♣≈♣≈.♣
≈.♣♣ ♣≈.≈≈≈.....♣♣♣♣ ♣♣♣.>♣


You could see a swamp dragon.

Vanquished Creatures
  Donald (Swamp:2)
  A frost giant (IceCv)
  The ghost of Bed Alyh the Swashbuckler, a journeyman KoAs of Okawaru (Lair:2)
  The ghost of tilp the Nimble, a journeyman KoAM of Okawaru (Lair:6)
  Fannar (D:11)
  5 hydras
  A centaur warrior (D:11)
  A catoblepas (Lair:4)
  Erica (D:9)
  5 alligators
  A two-headed ogre (D:10)
  8 death yaks
  Urug (Lair:2)
  Sonja (D:11)
  A swamp dragon (Swamp:1)
  A wolf spider (Spider:1)
  6 elephants
  3 black mambas
  A torpor snail (Lair:6)
  An ice statue (IceCv)
  25 spiny frogs
  A hellion (Gauntlet)
  2 rime drakes (Lair:6)
  A demonic crawler (Lair:2)
  3 komodo dragons
  A tengu conjurer (D:11)
  16 polar bears (IceCv)
  A troll (D:11)
  7 tyrant leeches
  3 jumping spiders
  4 hornets
  22 blink frogs
  4 hippogriffs
  3 slime creatures (Swamp:2)
  4 bog bodies
  A meliai zombie (D:10)
  13 spriggans
  43 yaks
  6 redbacks
  2 tarantellas (Spider:1)
  3 wyverns
  A hungry ghost (D:9)
  A basilisk (Lair:6)
  14 vampire mosquitoes
  14 swamp worms
  11 water moccasins
  5 orc warriors
  18 porcupines
  10 ice beasts
  3 swamp drakes
  4 sky beasts
  4 black bears
  3 boggarts (Lair:5)
  3 ogres
  11 crocodiles
  13 wolves (IceCv)
  4 centaurs
  2 big kobolds
  25 bullfrogs
  4 scorpions
  2 water moccasin skeletons (D:9)
  9 killer bees
  3 jellies
  19 wights
  3 howler monkeys
  4 electric eels
  7 crimson imps
  A jelly (shapeshifter) (Gauntlet)
  6 orc priests
  2 bullfrog skeletons
  2 hounds
  3 iguanas
  9 orc wizards
  2 hell rats (Lair:3)
  7 worker ants
  A hound zombie (D:7)
  A hound skeleton (D:5)
  A worker ant zombie (D:9)
  5 adders
  A gnoll (D:2)
  A howler monkey skeleton (D:4)
  10 river rats (Lair:3)
  2 shadow imps
  2 oozes
  An adder skeleton (D:4)
  An adder zombie (D:5)
  5 worms
  3 dart slugs
  7 leopard geckos
  30 orcs
  2 giant cockroaches
  8 hobgoblins
  8 jackals
  6 quokkas
  2 ball pythons
  A ball python zombie (D:2)
  9 bats
  9 frilled lizards
  12 goblins
  16 kobolds
  A quokka skeleton (D:6)
  14 rats
  3 fungi
  4 plants
602 creatures vanquished.

Vanquished Creatures (others)
  A polar bear (IceCv)
  A hornet (Swamp:3)
  A spriggan (Swamp:3)
  A wolf (IceCv)
  13 fungi
  37 plants (Lair:6)
54 creatures vanquished.

Grand Total: 656 creatures vanquished

Notes
Turn   | Place    | Note
-------+----------+-------------------------------------------
     0 | D:1      | Error4North the Hill Orc Fighter began the quest for the
                  | Orb.
     0 | D:1      | Reached XP level 1. HP: 19/19 MP: 1/1
   118 | D:1      | Reached XP level 2. HP: 26/27 MP: 2/2
   374 | D:1      | Reached XP level 3. HP: 21/33 MP: 3/3
   387 | D:1      | Reached skill level 3 in Axes
  1049 | D:2      | Upgraded the game from 0.25-a0-834-g55863b0b92 to
                  | 0.25-a0-842-g81a31cfd23
  1441 | D:2      | Reached XP level 4. HP: 40/40 MP: 4/4
  1719 | D:2      | HP: 2/40 [gnoll/+0 halberd (2)]
  2252 | D:3      | Reached skill level 4 in Axes
  2435 | D:4      | Reached XP level 5. HP: 47/47 MP: 5/5
  2608 | D:4      | Reached skill level 5 in Shields
  2608 | D:4      | Reached XP level 6. HP: 24/53 MP: 6/6
  2964 | D:4      | Reached skill level 5 in Axes
  3226 | D:5      | Entered Level 5 of the Dungeon
  3543 | D:5      | Noticed a sky beast
  3595 | D:5      | Reached skill level 5 in Armour
  3595 | D:5      | Reached XP level 7. HP: 38/60 MP: 7/7
  3611 | D:5      | Reached skill level 5 in Fighting
  3741 | D:5      | Reached skill level 6 in Axes
  4034 | D:6      | Reached XP level 8. HP: 54/69 MP: 8/8
  4221 | D:6      | Reached skill level 7 in Axes
  4413 | D:6      | Found Gejoaduw's Antique Weapon Emporium.
  4856 | D:7      | Found a staircase to the Ecumenical Temple.
  4866 | Temple   | Entered the Ecumenical Temple
  4976 | Temple   | Became a worshipper of Warmaster Okawaru
  5040 | D:7      | Reached skill level 8 in Axes
  5197 | D:7      | Reached skill level 1 in Dodging
  5225 | D:7      | Reached XP level 9. HP: 48/77 MP: 9/9
  5824 | D:8      | Reached * piety under Okawaru
  5893 | D:8      | Reached skill level 9 in Axes
  5912 | D:8      | Reached ** piety under Okawaru
  5946 | D:8      | Got a pair of faintly humming boots
  5947 | D:8      | Identified the cursed +0 pair of boots of the Enchanted
                  | Forest {Int+5 SInv} (You found it on level 8 of the
                  | Dungeon)
  6131 | D:8      | Found a staircase to the Lair.
  6200 | D:8      | Reached skill level 10 in Axes
  6200 | D:8      | Reached XP level 10. HP: 63/88 MP: 10/10
  6508 | D:9      | Reached skill level 1 in Invocations
  6699 | Lair:1   | Entered Level 1 of the Lair of Beasts
  6883 | Lair:1   | Reached *** piety under Okawaru
  7040 | Lair:1   | Noticed a spiny frog
  7053 | Lair:1   | Killed a spiny frog
  7053 | Lair:1   | Reached skill level 1 in Evocations
  7595 | D:9      | Noticed Erica
  7852 | D:9      | Killed Erica
  7852 | D:9      | Reached **** piety under Okawaru
  7852 | D:9      | Reached skill level 5 in Invocations
  7852 | D:9      | Reached XP level 11. HP: 59/99 MP: 12/14
  8076 | D:9      | Reached skill level 10 in Shields
  8231 | D:9      | Found a staircase to the Orcish Mines.
  8360 | D:9      | Found a hazy altar of Hepliaklqana.
  8546 | D:10     | Entered Level 10 of the Dungeon
  8782 | D:10     | Reached skill level 11 in Axes
  9025 | D:10     | Noticed a two-headed ogre
  9030 | D:10     | Gained mutation: Your magical capacity is low. (-10% MP)
                  | [potion of mutation]
  9030 | D:10     | Gained mutation: You have large cloven feet. [potion of
                  | mutation]
  9030 | D:10     | Gained mutation: You are partially covered in large bone
                  | plates. (SH +4) [potion of mutation]
  9030 | D:10     | Gained mutation: You have a pair of small horns on your
                  | head. [potion of mutation]
  9032 | D:10     | Killed a two-headed ogre
  9083 | D:10     | Reached skill level 10 in Fighting
  9086 | D:10     | Reached ***** piety under Okawaru
  9502 | D:11     | Noticed Fannar
  9524 | D:11     | Killed Fannar
  9539 | D:11     | Found a gate leading to a gauntlet.
  9546 | Gauntlet | Entered a Gauntlet
  9546 | Gauntlet | Found a transporter.
  9546 | Gauntlet | Found a transporter.
  9548 | Gauntlet | Noticed a soul eater
  9560 | Gauntlet | Found a transporter.
  9577 | Gauntlet | Found a transporter.
  9577 | Gauntlet | Found a transporter.
  9577 | Gauntlet | Found a transporter.
  9577 | Gauntlet | Noticed a mana viper
  9579 | Gauntlet | Found a transporter.
  9579 | Gauntlet | Found a transporter.
  9580 | Gauntlet | a mana viper changed into a hippogriff
  9583 | Gauntlet | Found a runed translucent door.
  9589 | Gauntlet | Noticed a hell beast
  9592 | Gauntlet | Found a transporter.
  9606 | Gauntlet | Found a transporter.
  9608 | Gauntlet | Found a runed translucent door.
  9616 | Gauntlet | Found a transporter.
  9633 | Gauntlet | Found a transporter.
  9645 | Gauntlet | Noticed a cyclops
  9648 | Gauntlet | a cyclops changed into a torpor snail
  9650 | Gauntlet | Found a transporter.
  9661 | Gauntlet | Found a transporter.
  9705 | Gauntlet | Noticed a manticore
  9707 | Gauntlet | Noticed an unseen horror
  9707 | Gauntlet | a hornet changed into an unseen horror
  9723 | Gauntlet | Noticed a manticore
  9728 | Gauntlet | Noticed a deep troll
  9728 | Gauntlet | a manticore changed into a deep troll
  9734 | Gauntlet | Noticed a sea snake
  9734 | Gauntlet | a manticore changed into a sea snake
  9736 | Gauntlet | Noticed a shining eye
  9736 | Gauntlet | a sea snake changed into a shining eye
  9747 | Gauntlet | Noticed an unseen horror
  9749 | Gauntlet | a deep troll changed into a dream sheep
  9751 | Gauntlet | a shining eye changed into a dream sheep
  9756 | Gauntlet | Noticed a glowing orange brain
  9756 | Gauntlet | a dream sheep changed into a glowing orange brain
  9790 | Gauntlet | Noticed a shining eye
  9792 | Gauntlet | Noticed a shining eye
  9792 | Gauntlet | an unseen horror changed into a black mamba
  9830 | Gauntlet | Noticed a glowing orange brain
  9837 | Gauntlet | Noticed a death drake
  9838 | Gauntlet | Noticed a cyclops
  9838 | Gauntlet | a glowing orange brain changed into a cyclops
  9864 | Gauntlet | Noticed a glowing orange brain
  9864 | Gauntlet | a death drake changed into a glowing orange brain
  9911 | Gauntlet | a glowing orange brain changed into a snapping turtle
  9949 | Gauntlet | Noticed a deep troll
  9949 | Gauntlet | a snapping turtle changed into a deep troll
  9966 | Gauntlet | Noticed a cyclops
  9966 | Gauntlet | a redback changed into a cyclops
  9971 | Gauntlet | Noticed a salamander
  9971 | Gauntlet | a cyclops changed into a salamander
  9974 | Gauntlet | a deep troll changed into a redback
 10028 | Gauntlet | Noticed a minotaur
 10051 | Gauntlet | Identified the Incunabulum of the Escort
 10225 | D:11     | Noticed Sonja
 10230 | D:11     | Received a gift from Okawaru
 10253 | D:11     | Killed Sonja
 10254 | D:11     | Noticed Nergalle
 10759 | D:11     | Reached skill level 1 in Stealth
 10831 | D:11     | Reached skill level 12 in Axes
 10840 | D:11     | Noticed a centaur warrior
 10851 | D:11     | Killed a centaur warrior
 10851 | D:11     | Reached XP level 12. HP: 108/108 MP: 13/15
 10911 | D:11     | Received a gift from Okawaru
 11840 | Lair:2   | Found a hole to the Spider Nest.
 11852 | Lair:2   | Noticed Urug
 11864 | Lair:2   | Found a frozen archway.
 11870 | Lair:2   | Killed Urug
 11897 | IceCv    | Entered an ice cave
 12199 | IceCv    | Noticed a death yak
 12204 | IceCv    | Reached skill level 13 in Axes
 12214 | IceCv    | Killed a death yak
 12550 | IceCv    | Reached skill level 10 in Armour
 12579 | IceCv    | Received a gift from Okawaru
 12639 | IceCv    | Noticed a frost giant
 12667 | IceCv    | Killed a frost giant
 12667 | IceCv    | Reached XP level 13. HP: 81/116 MP: 8/16
 12961 | Lair:2   | Reached skill level 14 in Axes
 12985 | Lair:2   | Received a gift from Okawaru
 12986 | Lair:2   | Found the +7 Kryia's mail coat {PotionHeal*2 rC+}
 13159 | Lair:2   | Noticed Bed Alyh's ghost (journeyman KoAs)
 13161 | Lair:2   | Found a runed translucent door.
 13381 | Lair:2   | Found a staircase to the Swamp.
 14440 | Lair:4   | Reached skill level 1 in Throwing
 14962 | Lair:5   | Reached skill level 15 in Axes
 14963 | Lair:5   | Reached ****** piety under Okawaru
 15103 | Lair:5   | Reached XP level 14. HP: 127/127 MP: 18/18
 15636 | Lair:6   | Entered Level 6 of the Lair of Beasts
 15779 | Lair:6   | Received a gift from Okawaru
 15967 | Lair:6   | Received a gift from Okawaru
 15967 | Lair:6   | Reached skill level 10 in Invocations
 16099 | Lair:6   | Reached skill level 16 in Axes
 16112 | Lair:6   | Found a runed translucent door.
 16161 | Lair:6   | Noticed tilp's ghost (journeyman KoAM)
 16203 | Lair:6   | Killed tilp's ghost
 16203 | Lair:6   | Received a gift from Okawaru
 16215 | Lair:6   | Got a scorched broad axe {god gift}
 16218 | Lair:6   | Identified the +0 broad axe "Ruygij" {vorpal, +Rage rF+
                  | Str+4 Dex+3} (Okawaru gifted it to you on level 6 of the
                  | Lair of Beasts)
 16260 | Lair:6   | Found a staircase to the Slime Pits.
 16261 | Lair:6   | Found a viscous altar of Jiyva.
 17230 | Lair:2   | Killed Bed Alyh's ghost
 17397 | Spider:1 | Entered Level 1 of the Spider Nest
 17433 | Spider:1 | Noticed an emperor scorpion
 17440 | Spider:1 | Reached skill level 15 in Shields
 17440 | Spider:1 | Reached skill level 1 in Unarmed Combat
 17440 | Spider:1 | Reached XP level 15. HP: 101/137 MP: 14/20
 17448 | Spider:1 | Reached XP level 16. HP: 85/145 MP: 7/21
 17573 | Swamp:1  | Entered Level 1 of the Swamp
 17623 | Swamp:1  | Received a gift from Okawaru
 18428 | Swamp:1  | Received a gift from Okawaru
 19089 | Swamp:2  | Noticed Donald
 19135 | Swamp:2  | Killed Donald
 19968 | Swamp:2  | HP: 7/146 [swamp dragon] (5)]
 19969 | Swamp:2  | HP: 3/146 [swamp dragon] (12)]
 19970 | Swamp:2  | Engulfed by a swamp dragon's poison gas

Levels and vault maps discovered:
D:1:      dpeg_arrival_refuge, layout_basic, kennysheep_another_room,
          grunt_decor_one_mirror, chequers_serial_rivers_micro_a
D:2:      minmay_razor_zed, layout_basic, first_ration, minmay_octomino_e4
D:3:      layout_rooms
D:4:      layout_cave_pools
D:5:      layout_cave_pools, minmay_checkerbox
D:6:      layout_basic, serial_shops, nicolae_shop_window_shopping
D:7:      layout_loops_cross, minmay_temple_entry_statues_fountains
D:8:      layout_rooms, due_lair_maze_entry_diamond
D:9:      layout_long_grid, kennysheep_mini, orc_0_dummy, uniq_erica
D:10:     layout_long_grid
D:11:     layout_loops_ring, gauntlet_entry_generic, grunt_tengu_nest,
          hangedman_incinerator, uniq_sonja, uniq_nergalle, uniq_fannar
Temple:   kilobyte_greek_temple
Lair:1:   layout_hall_layers, grunt_megastairs_4, lemuel_fruit_tree
Lair:2:   layout_gridlike, nicolae_swamp_entry_splash_gauntlet,
          nicolae_spider_entry_tight_spaces, portal_ice_cave_entry_ice_beasts,
          hellmonk_ghost_happy_afterlife, uniq_urug
Lair:3:   layout_long_grid, kennysheep_rathole, infiniplex_staircase_pool_2
Lair:4:   layout_hall_layers
Lair:5:   kb_forest_paths, layout_big_grid
Lair:6:   minmay_lair_end_frog_pond, layout_long_grid, slime_altar_1,
          ebering_ghost_reflecting_pool, infiniplex_staircase_pool
Swamp:1:  layout_falls_marsh, evilmike_swamp_ruin_house_3
Swamp:2:  layout_basic_swamp, evilmike_swamp_ruin_house_6, uniq_donald
Swamp:3:  layout_falls_marsh, evilmike_swamp_ruin_rubble_1
Spider:1: layout_spider_delve, uniq_agnes

Skill      XL: |  1  2  3  4  5  6  7  8  9 10 11 12 13 14 15 16 |
---------------+-------------------------------------------------+-----
Shields        | 4 5 6 8 9 11 12 13 15 | 15.5
Fighting       | 4 5 6 8 9 10 11 12 13 14 | 14.0
Axes           | 3 4 5 6 8 10 12 13 15 16 | 16.5
Armour         | 4 5 6 7 8 9 10 11 12 | 12.2
Dodging        | 1 2 |  2.4
Invocations    | 5 6 7 9 10 11 | 11.3
Evocations     | 2 3 |  3.7
Stealth        | 1 2 |  2.0
Throwing       | 1 2 3 |  3.0
Unarmed Combat | 1 |  1.3

Action                   |  1- 3 |  4- 6 |  7- 9 | 10-12 | 13-15 | 16-18 || total
-------------------------+-------+-------+-------+-------+-------+-------++-------
Melee: War axe           |   165 |   178 |   327 |   562 |   254 |   142 ||  1628
       Headbutt          |       |       |       |    97 |    94 |    38 ||   229
       Broad axe         |       |       |       |   252 |   423 |    64 ||   739
Throw: Boomerang         |       |       |     3 |    23 |    53 |    21 ||   100
Invok: Heroism           |       |       |     2 |    21 |    12 |     4 ||    39
       Finesse           |       |       |       |     4 |     2 |     2 ||     8
Evoke: Wand              |       |       |       |     1 |     5 |       ||     6
  Use: Potion            |       |     5 |     6 |     4 |     1 |     9 ||    25
       Scroll            |       |     1 |     3 |    12 |     8 |     6 ||    30
 Stab: Invisible         |       |       |     4 |       |       |     3 ||     7
       Petrified         |       |       |       |       |     5 |       ||     5
       Petrifying        |       |       |       |       |     2 |       ||     2
  Eat: Chunk             |     2 |     7 |     9 |    13 |    11 |     1 ||    43
       Ration            |       |       |       |     3 |     2 |     2 ||     7
Armor: Scale mail        |   103 |    54 |       |       |       |       ||   157
       Chain mail        |       |    11 |    70 |       |       |       ||    81
       Skin              |       |       |    65 |       |       |       ||    65
       Plate armour      |       |       |    99 |   322 |   169 |    94 ||   684
Dodge: Dodged            |    68 |    54 |    68 |   138 |    90 |    26 ||   444
Block: Kite shield       |   115 |    85 |   230 |   692 |   584 |   257 ||  1963
       Reflection        |       |       |     1 |    21 |     2 |    11 ||    35

Table legend:
 A = Non-vault XP
 B = Vault XP
 C = Vault XP percentage of total XP
 D = Non-vault monster count
 E = Vault monster count
 F = Vault count percentage of total count
                 A         B        C        D         E       F
            +---------+---------+-------+---------+---------+-------
      Total |   60119 |   44762 |  42.7 |     404 |     191 |  32.1
            +---------+---------+-------+---------+---------+-------
        D:1 |      51 |       0 |   0.0 |      33 |       0 |   0.0
        D:2 |      30 |      49 |  62.0 |      17 |      16 |  48.5
        D:3 |      38 |       0 |   0.0 |      12 |       0 |   0.0
        D:4 |     474 |       0 |   0.0 |      19 |       0 |   0.0
        D:5 |     495 |       4 |   0.8 |      16 |       2 |  11.1
        D:6 |     529 |       0 |   0.0 |      13 |       0 |   0.0
        D:7 |     982 |       0 |   0.0 |      17 |       0 |   0.0
        D:8 |     817 |    1422 |  63.5 |      22 |      10 |  31.2
        D:9 |    2013 |     912 |  31.2 |      35 |       1 |   2.8
       D:10 |    3203 |       0 |   0.0 |      28 |       0 |   0.0
       D:11 |    3633 |    1521 |  29.5 |      37 |       3 |   7.5
     Lair:1 |    1781 |     663 |  27.1 |      12 |       3 |  20.0
     Lair:2 |    1961 |    5638 |  74.2 |       7 |      21 |  75.0
     Lair:3 |    5192 |     200 |   3.7 |      22 |      14 |  38.9
     Lair:4 |    5723 |       0 |   0.0 |      18 |       0 |   0.0
     Lair:5 |    1778 |    5325 |  75.0 |       5 |      19 |  79.2
     Lair:6 |   14473 |   13693 |  48.6 |      41 |      48 |  53.9
    Swamp:1 |    6698 |       0 |   0.0 |      20 |       0 |   0.0
    Swamp:2 |    6299 |    2065 |  24.7 |      20 |       1 |   4.8
    Swamp:3 |    1968 |       0 |   0.0 |       3 |       0 |   0.0
   Spider:1 |    1981 |       0 |   0.0 |       7 |       0 |   0.0
      IceCv |       0 |   12508 | 100.0 |       0 |      49 | 100.0
   Gauntlet |       0 |     762 | 100.0 |       0 |       4 | 100.0
            +---------+---------+-------+---------+---------+-------
